Map: Year Zero LE

Players

Justobot

  • Race: Zerg Zerg
  • League: Gold
  • Spawn Location: 11:00

Sketchaphone - Winner!

  • Race: Zerg Zerg
  • League: Gold
  • Spawn Location: 1:00

VOD

Have the link to the VOD?

Description

Time

  • Played on: Feb. 1, 2019, 7:29 p.m.
  • Length: 28:43
Show
View Real Time Build Order
Export as new Build Order

Justobot Zerg 

Build Orders: Pool First, Zergling Baneling 

Get SALT Encoding   

  12  0:08  Overlord  
  12  0:14  Drone  
  13  0:23  Drone  
  14  0:32  Drone  
  14  0:33  Drone  
  16  0:43  Drone  
  17  0:56  Drone  
  18  1:05  Spawning Pool, Drone, Extractor  
  17  1:13  Drone  
  18  1:24  Drone  
  19  1:39  Drone  
  20  1:40  Hatchery  
  20  1:45  Drone  
  20  1:55  Queen  
  20  1:57  Overlord  
  22  2:07  Overlord  
  22  2:12  Metabolic Boost  
  22  2:17  Zergling x2  
  23  2:30  Zergling x2  
  24  2:44  Zergling x2  
  25  2:45  Queen  
  27  2:53  Zergling x4  
  27  2:54  Baneling Nest  
  28  3:00  Zergling x2  
  29  3:06  Zergling x2  
  29  3:07  Queen, Zergling x2  
  33  3:18  Zergling x4  
  33  3:19  Zergling x2  
  36  3:21  Drone  
  37  3:31  Zergling x4  
  39  3:42  Baneling x5  
  39  3:43  Baneling x2  
  39  3:45  Zergling x4  
  41  3:55  Zergling x6  
  44  4:07  Overlord x2  
  43  4:17  Drone  
  44  4:28  Zergling x10  
  48  4:31  Extractor  
  48  4:36  Baneling x2  
  48  4:37  Baneling x3  
  47  4:40  Drone  
  47  4:53  Baneling x3  
  47  5:12  Drone x3  
  47  5:13  Drone x3  
  53  5:14  Overlord  
  53  5:23  Lair  
  53  5:29  Drone  
  53  5:30  Drone  
  55  5:49  Drone x2  
  58  5:50  Drone  
  58  5:55  Drone x3  
  61  5:58  Overlord  
  61  5:59  Roach Warren  
  61  6:00  Drone  
  61  6:01  Extractor  
  60  6:07  Drone x2  
  60  6:25  Drone x3  
  63  6:26  Overlord x2  
  63  6:32  Overseer  
  63  6:34  Overseer  
  63  6:36  Drone  
  63  6:37  Drone x2  
  66  6:40  Extractor  
  66  6:41  Nydus Network  
  66  6:42  Roach  
  66  6:53  Queen x2  
  70  6:56  Drone  
  70  6:59  Glial Reconstitution  
  71  7:08  Overlord, Roach x2  
  75  7:25  Roach x2  
  75  7:29  Queen x2  
  83  7:34  Roach x3  
  89  7:45  Roach x3  
  89  7:48  Roach x2  
  99  7:53  Nydus Canal  
  90  8:27  Nydus Canal  
  90  8:31  Roach x5  
  90  8:32  Overlord x3  
  99  8:40  Overlord x5  
  99  8:51  Roach x4  
  107  8:57  Nydus Canal  
  107  9:07  Roach x5  
  107  9:08  Drone  
  103  9:27  Roach x5  
  89  9:43  Roach  
  89  9:44  Roach  
  89  9:47  Roach x4  
  89  9:48  Zergling x2  
  86  9:56  Roach x2  
  90  10:10  Ravager x5  
  90  10:11  Ravager  
  96  10:14  Baneling  
  96  10:25  Zergling x2  
  96  10:26  Zergling x6  
  100  10:39  Nydus Canal  
  100  10:47  Baneling x4  
  100  10:48  Roach  
  100  10:49  Roach  
  104  10:52  Drone x3  
  104  10:53  Drone  
  95  11:13  Roach x4  
  95  11:14  Roach x3  
  95  11:15  Roach  
  107  11:20  Nydus Canal  
  107  11:34  Zergling x4  
  109  11:45  Nydus Canal  
  109  11:59  Spire  
  108  12:07  Zergling x4  
  108  12:08  Overlord x4, Zergling x2  
  105  12:14  Hatchery  
  104  12:24  Ravager x4  
  95  12:59  Roach x4  
  95  13:00  Roach x2  
  107  13:12  Roach x2  
  111  13:17  Mutalisk  
  109  13:37  Mutalisk x4  
  109  13:39  Drone  
  119  13:41  Drone  
  116  13:53  Zergling x8  
  102  14:08  Tunneling Claws  
  102  14:09  Mutalisk x2  
  100  14:16  Zergling x4  
  106  14:18  Zergling x4  
  106  14:24  Zergling x4  
  93  14:37  Mutalisk x2  
  93  14:38  Roach  
  89  14:51  Mutalisk  
  86  14:53  Zergling x8  
  89  15:05  Mutalisk  
  89  15:06  Mutalisk  
  93  15:15  Zergling x10  
  86  15:31  Zergling x2  
  86  15:32  Zergling x2  
  87  15:40  Ravager  
  87  15:41  Ravager  
  77  16:07  Baneling x2  
  77  16:09  Baneling  
  73  16:30  Drone x2  
  72  16:38  Drone  
  73  16:43  Baneling x2  
  70  16:56  Roach x2  
  74  17:10  Mutalisk x2  
  74  17:14  Drone  
  79  17:28  Drone x3  
  79  17:34  Mutalisk  
  78  17:38  Zergling x2  
  75  17:47  Mutalisk  
  75  17:48  Zergling x2  
  72  18:04  Zergling x8  
  72  18:05  Zergling x2  
  68  18:19  Drone x4  
  72  18:25  Drone, Extractor  
  72  18:26  Extractor  
  65  18:41  Zergling x4  
  65  18:42  Zergling x6  
  66  18:49  Zergling x6  
  66  18:51  Zergling x2  
  65  19:04  Zergling x6  
  65  19:05  Zergling x4  
  65  19:09  Zergling x2  
  69  19:15  Baneling x3  
  69  19:16  Baneling  
  65  19:31  Roach  
  65  19:32  Roach x3  
  73  19:39  Roach x2  
  72  19:51  Roach x2  
  50  20:10  Roach  
  50  20:11  Roach  
  48  20:25  Roach  
  50  20:32  Drone  
  43  20:46  Drone x2  
  45  20:52  Ravager  
  45  20:53  Ravager  
  44  21:09  Drone x3  
  45  21:12  Drone  
  46  21:29  Nydus Canal  
  46  21:30  Drone x3  
  46  21:31  Drone  
  50  21:41  Drone x2  
  50  21:42  Drone  
  50  21:45  Roach  
  55  21:59  Drone x2  
  57  22:16  Roach x2  
  57  22:17  Roach, Zergling x6  
  57  22:18  Zergling x2  
  67  22:26  Roach  
  67  22:27  Roach  
  67  22:29  Zergling x4  
  67  22:36  Zergling x2  
  64  23:17  Drone x6  
  64  23:18  Drone x3  
  72  23:35  Zergling x6  
  75  23:42  Hatchery  
  75  23:43  Ravager x2  
  75  23:44  Ravager x7  
  82  23:58  Roach x3  
  81  24:11  Roach x3  
  81  24:13  Baneling  
  81  24:14  Baneling x2  
  87  24:31  Roach  
  87  24:32  Roach x3  
  94  24:46  Drone x2  
  96  24:52  Evolution Chamber  
  96  24:54  Evolution Chamber  
  96  24:59  Roach x3  
  96  25:09  Ravager  
  96  25:10  Ravager  
  95  25:20  Drone x3  
  98  25:22  Roach x3  
  104  25:34  Nydus Canal  
  104  25:41  Roach x2  
  104  25:42  Roach x2  
  98  26:01  Roach x4  
  106  26:15  Roach x3  
  112  26:31  Roach  
  112  26:32  Zergling x8  
  118  26:36  Ravager  
  114  26:54  Roach  
  114  26:55  Roach x4  
  97  27:03  Roach  
  76  27:11  Drone  
  77  27:20  Extractor  
  77  27:21  Drone  
  77  27:24  Extractor  
  77  27:29  Nydus Canal  
  52  27:37  Zergling x4  
  52  27:39  Zergling x4  
  52  27:40  Zergling x12  
  20  28:13  Nydus Canal  
  20  28:34  Spine Crawler x2  
  15  28:35  Spine Crawler  
Show
View Real Time Build Order
Export as new Build Order

Sketchaphone Zerg - Winner!

Build Orders: Hatch First 

Get SALT Encoding   

  12  0:02  Drone  
  13  0:16  Overlord  
  13  0:21  Drone  
  14  0:25  Drone, Extractor  
  15  0:36  Drone  
  15  0:38  Drone  
  17  0:58  Hatchery  
  17  1:03  Drone  
  17  1:04  Extractor  
  17  1:05  Drone  
  17  1:21  Spawning Pool  
  17  1:24  Drone  
  17  1:29  Drone  
  17  1:32  Drone  
  19  1:44  Drone  
  20  2:02  Drone  
  20  2:04  Overlord  
  20  2:08  Metabolic Boost  
  21  2:19  Zergling x2  
  21  2:21  Drone  
  21  2:22  Queen  
  23  2:24  Queen  
  26  2:39  Drone x2  
  26  2:40  Drone x2  
  30  2:44  Drone  
  31  2:57  Zergling x2  
  32  3:04  Drone  
  33  3:15  Overlord, Drone  
  33  3:17  Drone x2  
  33  3:19  Hatchery  
  35  3:26  Evolution Chamber  
  34  3:29  Drone  
  34  3:30  Overlord  
  34  3:31  Overlord  
  35  3:36  Zergling x2  
  35  3:38  Spine Crawler  
  35  3:42  Zergling x2  
  35  3:48  Zergling x2  
  37  3:58  Overlord, Roach Warren, Zerg Melee Weapons Level 1  
  36  4:09  Zergling x4  
  38  4:10  Drone x2  
  38  4:11  Zergling x2, Drone  
  38  4:15  Spine Crawler  
  41  4:23  Zergling x2  
  42  4:25  Drone x2  
  44  4:37  Overlord  
  44  4:52  Hatchery  
  43  4:53  Queen  
  43  4:54  Overlord, Drone x2  
  43  4:56  Lair  
  47  5:03  Drone  
  47  5:17  Drone  
  48  5:26  Zergling x4  
  48  5:27  Roach x3  
  48  5:28  Roach, Drone  
  58  5:29  Drone  
  60  5:37  Queen  
  60  5:38  Drone x4  
  66  5:49  Overlord  
  66  5:54  Drone x2  
  66  5:56  Glial Reconstitution  
  68  6:01  Extractor  
  68  6:02  Drone x2  
  69  6:12  Overlord, Drone  
  69  6:13  Drone  
  66  6:22  Zerg Ground Armor Level 1  
  65  6:26  Roach, Zergling x2  
  65  6:29  Overlord  
  65  6:31  Drone, Extractor  
  65  6:32  Drone  
  69  6:33  Extractor  
  68  6:46  Overlord x2, Drone  
  69  7:02  Overlord x2  
  69  7:05  Hatchery  
  69  7:06  Evolution Chamber  
  69  7:07  Spire  
  66  7:10  Pneumatized Carapace  
  66  7:30  Roach x4  
  66  7:31  Overlord, Zergling x8  
  66  7:32  Overlord, Roach  
  66  7:33  Roach x2  
  84  7:45  Overlord  
  84  7:46  Overlord  
  84  7:52  Overlord  
  84  7:56  Roach  
  84  7:57  Drone x2  
  74  8:14  Roach x8  
  74  8:18  Roach x2  
  89  8:35  Roach  
  89  8:36  Roach x3  
  89  8:39  Roach  
  99  8:50  Roach  
  99  8:51  Roach x3  
  107  8:56  Roach  
  107  9:07  Spawning Pool  
  85  9:49  Drone x3  
  85  9:50  Overlord x2, Drone x3  
  85  9:54  Queen  
  87  10:07  Hatchery  
  86  10:26  Drone x2  
  86  10:27  Drone  
  89  10:31  Evolution Chamber  
  89  10:33  Evolution Chamber, Drone x3  
  89  10:34  Extractor  
  89  10:35  Drone x4  
  93  10:43  Overlord  
  92  10:59  Hatchery  
  92  11:00  Zergling x18  
  92  11:01  Zergling x2, Hatchery  
  53  11:19  Spine Crawler x3  
  53  11:20  Spine Crawler  
  53  11:24  Spine Crawler  
  44  11:40  Spine Crawler  
  44  11:41  Zerg Missile Weapons Level 1  
  43  11:52  Drone x3  
  43  11:53  Roach Warren  
  45  11:54  Queen  
  35  12:10  Drone  
  35  12:11  Overlord x2, Drone  
  36  12:27  Roach Warren  
  35  12:37  Spawning Pool  
  30  13:05  Zergling x24  
  42  13:12  Roach x3  
  46  13:16  Drone x3  
  48  13:28  Zergling x2  
  48  13:29  Zergling x6  
  48  13:33  Spine Crawler, Zergling x2  
  49  13:40  Queen  
  51  13:43  Drone  
  50  13:49  Zergling x6  
  50  13:50  Zergling x2  
  54  14:02  Queen  
  56  14:04  Spore Crawler  
  56  14:08  Zergling x2  
  45  14:28  Roach x3  
  45  14:29  Zergling x2  
  45  14:30  Zergling x2  
  54  14:38  Zergling x4  
  53  14:46  Drone  
  53  14:47  Drone  
  53  14:50  Drone  
  56  14:54  Drone  
  57  15:04  Queen  
  56  15:13  Spore Crawler  
  55  15:14  Drone  
  56  15:26  Zergling x8  
  56  15:28  Zergling x2  
  59  15:38  Drone x3  
  59  15:42  Drone  
  62  15:47  Drone x2  
  61  16:00  Queen  
  61  16:02  Drone  
  64  16:10  Drone x2  
  66  16:18  Drone x2  
  68  16:19  Spore Crawler  
  65  16:40  Drone  
  65  16:41  Drone  
  65  16:45  Extractor  
  64  16:51  Roach x6  
  64  16:52  Roach x4  
  76  16:56  Roach  
  76  16:59  Ravager  
  79  17:04  Drone  
  79  17:05  Drone  
  79  17:06  Queen  
  83  17:09  Drone  
  83  17:10  Drone  
  85  17:29  Roach x7  
  95  17:35  Roach  
  95  17:36  Roach x2, Zergling x2  
  91  17:43  Spine Crawler  
  75  17:56  Lair  
  71  18:14  Spine Crawler x2  
  71  18:18  Spine Crawler  
  55  18:38  Roach  
  55  18:39  Roach x4, Zergling x26  
  59  19:16  Zergling x12  
  63  19:23  Hatchery, Drone  
  63  19:24  Drone  
  64  19:27  Spore Crawler  
  64  19:30  Spore Crawler  
  55  19:49  Zergling x12  
  59  19:53  Zergling x2  
  55  20:13  Zergling x8  
  51  20:16  Zergling x2  
  52  20:27  Drone x2  
  53  20:39  Queen  
  53  20:41  Drone x4  
  53  20:42  Drone  
  59  20:44  Hatchery  
  57  21:17  Hatchery  
  56  21:22  Hatchery  
  55  21:27  Overlord  
  55  21:30  Hatchery  
  54  21:38  Queen  
  56  21:52  Zerg Missile Weapons Level 2, Hydralisk Den  
  55  22:03  Zergling x8  
  55  22:04  Zergling x8  
  55  22:08  Overlord  
  59  22:35  Drone x2  
  56  22:38  Zergling x18  
  56  22:40  Spine Crawler x2  
  63  22:49  Drone x2  
  65  22:51  Grooved Spines  
  65  22:58  Spine Crawler, Queen  
  66  23:00  Drone  
  67  23:08  Spine Crawler  
  66  23:17  Spine Crawler  
  65  23:30  Hydralisk  
  65  23:31  Hydralisk x5  
  77  23:34  Drone x2  
  77  23:36  Extractor  
  77  23:37  Drone, Extractor  
  78  23:46  Drone x2  
  78  23:47  Overlord  
  80  23:49  Hydralisk  
  81  23:58  Zergling x10  
  81  24:01  Zergling x4  
  81  24:08  Drone x2  
  83  24:16  Drone  
  85  24:17  Drone x3  
  85  24:18  Drone  
  85  24:20  Spine Crawler  
  87  24:24  Extractor  
  87  24:25  Spine Crawler, Extractor  
  87  24:28  Overlord  
  84  24:34  Zergling x4, Hydralisk x2  
  84  24:35  Hydralisk  
  92  24:40  Zergling x6  
  95  24:48  Zergling x10  
  100  24:59  Zergling x14  
  108  25:00  Zergling x2  
  106  25:08  Overlord x2  
  106  25:12  Hydralisk  
  106  25:13  Hydralisk  
  110  25:17  Muscular Augments  
  110  25:18  Drone  
  111  25:23  Drone x3  
  114  25:33  Drone x2  
  116  25:49  Extractor  
  101  25:50  Zergling x30  
  101  25:51  Zergling x2  
  103  25:57  Drone x5  
  102  26:19  Hydralisk x8  
  115  26:31  Spine Crawler  
  114  26:34  Spine Crawler  
  114  26:35  Spine Crawler  
  114  26:36  Overlord  
  103  27:01  Zergling x40  
  112  27:16  Drone  
  112  27:20  Roach Warren  
  112  27:27  Infestation Pit  
  112  27:29  Queen  
  113  27:30  Extractor  
  107  28:04  Hydralisk x18  
  142  28:22  Zergling x24  
Tags
 
League
GoldGold
Matchup
ZvZ
Race
Zerg
Replay Pack
init
Spawn Locations
Close Positions
Add a new tag
Caveats
  • Supply blocks, unpowered buildings, or Contaminate may cause inaccurate times.
  • Supply counts are checked every 10 seconds.